 Dungeon Crawl Stone Soup version 0.31.0-32-g396128a36d (webtiles) character file.

Game seed: 17835224865025853297

357 Amplified the Sneak (level 6, 0/44 HPs)
             Began as a Gnoll Enchanter on Mar 16, 2024.
             Slain by Menkaure (14 damage)
             ... on level 4 of the Dungeon.
             The game lasted 00:05:54 (3671 turns).

Amplified the Sneak (Gnoll Enchanter)               Turns: 3671, Time: 00:05:54

Health: 0/44       AC:  3    Str:  9    XL:     6   Next: 64%
Magic:  14/14      EV: 18    Int: 15    God:
Gold:   117        SH:  5    Dex: 12    Spells: 15/15 levels left

rFire   . . .        j - +1 dagger (speed)
rCold   . . .        (no shield)
rNeg    . . .        o - +1 robe of Day {Will++}
rPois   .            (helmet currently unavailable)
rElec   .            (cloak currently unavailable)
rCorr   .            (gloves currently unavailable)
SInv    +            (boots currently unavailable)
Will    +++..        p - amulet of reflection
Stlth   +++          l - +5 ring of evasion
HPRegen 0.27/turn    f - ring of see invisible
MPRegen 0.14/turn

%: reflection
@: beast-form, enlightened, flying, hasted, very quick
A: beast (slay +1), fangs 1, strong nose, distributed training
a: Begin Untransformation


You were on level 4 of the Dungeon.
You were a hulking beast.
You visited 1 branch of the dungeon, and saw 4 of its levels.

You collected 117 gold pieces.

Inventory:

Hand Weapons
 j - a +1 dagger of speed (weapon)
 n - a +4 dagger
Missiles
 e - 12 poisoned darts (quivered)
Armour
 b - a +0 tower shield
 i - a +0 pair of boots
 o - the +1 robe of Day (worn) {Will++}
   (You found it on level 2 of the Dungeon)

   Will++:    It greatly increases your willpower.
 r - a +0 cloak
Jewellery
 f - a ring of see invisible (right hand)
 l - a +5 ring of evasion (left hand)
 p - an amulet of reflection (around neck)
 t - an amulet of the acrobat
Talismans
 h - a dragon-blood talisman
 k - a beast talisman (active)
Scrolls
 d - 2 scrolls of teleportation
 g - a scroll of vulnerability
Potions
 a - a potion of heal wounds
 c - 3 potions of brilliance


   Skills:
 + Level 2.1 Fighting
 + Level 3.3 Short Blades
 + Level 2.1 Long Blades
 + Level 2.1 Axes
 + Level 2.1 Maces & Flails
 + Level 2.1 Polearms
 + Level 2.1 Staves
 + Level 2.1 Ranged Weapons
 + Level 2.1 Throwing
 + Level 2.1 Armour
 + Level 5.0 Dodging
 + Level 6.3 Stealth
 + Level 2.1 Shields
 + Level 2.1 Unarmed Combat
 + Level 5.4 Spellcasting
 + Level 1.7 Conjurations
 + Level 5.7 Hexes
 + Level 1.7 Summonings
 + Level 1.7 Necromancy
 + Level 1.7 Translocations
 + Level 1.7 Fire Magic
 + Level 1.7 Ice Magic
 + Level 1.7 Air Magic
 + Level 1.7 Earth Magic
 + Level 1.7 Alchemy
 + Level 2.3 Invocations
 + Level 2.1 Evocations
 + Level 1.9 Shapeshifting


You had 15 spell levels left.
You didn't know any spells.
Your spell library contained the following spells:

 Spells                   Type           Power      Damage    Failure   Level
 Ensorcelled Hibernation  Hex/Ice        30%        N/A       4%          2
 Confusing Touch          Hex            21%        N/A       4%          3
 Tukima's Dance           Hex            21%        N/A       4%          3
 Dazzling Flash           Conj/Hex       30%        N/A       10%         3
 Cause Fear               Hex            10%        N/A       14%         4
 Fireball                 Conj/Fire      4%         3d4       91%         5
 Dragon's Call            Summ           4%         N/A       100%        9


Dungeon Overview and Level Annotations

Branches:
Dungeon (4/15)
 Temple: D:4-7

Altars:
Kikubaaqudgha
The Shining One

Annotations:
D:4 Menkaure


Innate Abilities, Weirdness & Mutations

You are a hulking beast.
Your limbs bulge with bestial killing power. (Slay +1)
You have very sharp teeth.
Your uncanny sense of smell can sniff out nearby items.
Your experience applies equally to all skills.


Message History

q - a potion of haste You start waiting.
Menkaure is nearby!
You feel yourself speed up.
You feel very buoyant.
You fly up into the air.
Menkaure misses you.
You hit Menkaure. You bite Menkaure.
Menkaure is moderately damaged.
You hit Menkaure.
Menkaure is moderately damaged.
You hit Menkaure but do no damage.
Menkaure is moderately damaged.
You hit Menkaure but do no damage. Your bite misses Menkaure.
Menkaure is moderately damaged.
Menkaure closely misses you.
You hit Menkaure.
Menkaure is heavily damaged.
You barely miss Menkaure. Your bite misses Menkaure.
Menkaure is heavily damaged.
You hit Menkaure but do no damage.
Menkaure is heavily damaged.
Menkaure hits you!!
You hit Menkaure.
Menkaure is severely damaged.
You hit Menkaure. Your bite misses Menkaure.
Menkaure is severely damaged.
You hit Menkaure.
Menkaure is severely damaged.
You hit Menkaure but do no damage.
Menkaure is severely damaged.
Menkaure calls on the powers of darkness!
Your body is wracked with pain!
You hit Menkaure but do no damage.
Menkaure is severely damaged.
You closely miss Menkaure.
Menkaure is severely damaged.
You hit Menkaure but do no damage.
Menkaure is severely damaged.
Menkaure hits you!
You die...

#...)_....#
###.....###
#°...§#
####.###
#.....#
#####....##
.>.#.###### #
#.#.##(..#
#...##..Mh..#
#.......#####
#....#...#
.... +>..#
### #...#
#.... ####M.
.. ...


You could see Menkaure.

Vanquished Creatures
  Sigmund (D:2)
  Jessica (D:2)
  An orc wizard (D:3)
  2 gnolls (D:3)
  5 adders
  A dart slug (D:1)
  2 ribbon worms
  5 orcs
  4 endoplasms
  5 giant cockroaches
  7 hobgoblins
  5 jackals (D:2)
  5 quokkas
  3 ball pythons
  10 bats
  A frilled lizard (D:1)
  6 goblins
  5 kobolds
  4 rats
73 creatures vanquished.

Notes
Turn   | Place    | Note
-------+----------+-------------------------------------------
     0 | D:1      | Amplified the Gnoll Enchanter began the quest for the Orb.
     0 | D:1      | Reached XP level 1. HP: 13/13 MP: 6/6
   179 | D:1      | Reached XP level 2. HP: 19/19 MP: 7/7
   550 | D:1      | Reached skill level 5 in Spellcasting
   550 | D:1      | Reached XP level 3. HP: 25/25 MP: 7/9
   874 | D:2      | Reached skill level 6 in Stealth
  1118 | D:2      | Reached skill level 1 in Invocations
  1186 | D:2      | Reached skill level 1 in Fighting
  1186 | D:2      | Reached skill level 1 in Long Blades
  1186 | D:2      | Reached skill level 1 in Axes
  1186 | D:2      | Reached skill level 1 in Maces & Flails
  1186 | D:2      | Reached skill level 1 in Polearms
  1186 | D:2      | Reached skill level 1 in Staves
  1186 | D:2      | Reached skill level 1 in Ranged Weapons
  1186 | D:2      | Reached skill level 1 in Throwing
  1186 | D:2      | Reached skill level 1 in Armour
  1186 | D:2      | Reached skill level 1 in Shields
  1186 | D:2      | Reached skill level 1 in Unarmed Combat
  1186 | D:2      | Reached skill level 1 in Evocations
  1350 | D:2      | Noticed Sigmund
  1741 | D:2      | Identified the +1 robe of Day {Will++}
  1870 | D:2      | Reached skill level 1 in Shapeshifting
  1870 | D:2      | Reached XP level 4. HP: 20/32 MP: 11/11
  1935 | D:2      | Noticed Jessica
  1947 | D:2      | Killed Jessica
  1948 | D:2      | Reached skill level 1 in Conjurations
  1948 | D:2      | Reached skill level 1 in Summonings
  1948 | D:2      | Reached skill level 1 in Necromancy
  1948 | D:2      | Reached skill level 1 in Translocations
  1948 | D:2      | Reached skill level 1 in Fire Magic
  1948 | D:2      | Reached skill level 1 in Ice Magic
  1948 | D:2      | Reached skill level 1 in Air Magic
  1948 | D:2      | Reached skill level 1 in Earth Magic
  1948 | D:2      | Reached skill level 1 in Alchemy
  2086 | D:2      | Killed Sigmund
  2087 | D:2      | Reached XP level 5. HP: 29/38 MP: 12/12
  2087 | D:2      | Reached XP level 6. HP: 34/44 MP: 14/14
  2280 | D:2      | Reached skill level 5 in Dodging
  2477 | D:3      | Found a glowing golden altar of the Shining One.
  3616 | D:4      | Found an ancient bone altar of Kikubaaqudgha.
  3648 | D:4      | Noticed Menkaure
  3671 | D:4      | Slain by Menkaure

Illustrated notes

Levels and vault maps discovered:
D:1:      spicycebolla_green_bress_n_ham_2, layout_basic, serial_bayou_pond_e
D:2:      layout_basic, minmay_heptomino_h4, uniq_sigmund, uniq_jessica
D:3:      layout_basic, tso_oasis_becter, nrook_loot_triangle
D:4:      layout_basic, nicolae_kikubaaqudgha_miasma_corner,
          nicolae_qazlal_scattered_showers, grunt_gozag_breadcrumbs,
          uniq_crazy_yiuf_cottage, uniq_menkaure, uniq_robin, uniq_eustachio

Skill      XL: |  1  2  3  4  5  6 |
---------------+-------------------+-----
Spellcasting   | 5 |  5.4
Stealth        | 6 |  6.3
Invocations    | 1 2 |  2.3
Fighting       | 1 2 |  2.1
Long Blades    | 1 2 |  2.1
Axes           | 1 2 |  2.1
Maces & Flails | 1 2 |  2.1
Polearms       | 1 2 |  2.1
Staves         | 1 2 |  2.1
Ranged Weapons | 1 2 |  2.1
Throwing       | 1 2 |  2.1
Armour         | 1 2 |  2.1
Shields        | 1 2 |  2.1
Unarmed Combat | 1 2 |  2.1
Evocations     | 1 2 |  2.1
Shapeshifting  | 1 |  1.9
Conjurations   | 1 |  1.7
Summonings     | 1 |  1.7
Necromancy     | 1 |  1.7
Translocations | 1 |  1.7
Fire Magic     | 1 |  1.7
Ice Magic      | 1 |  1.7
Air Magic      | 1 |  1.7
Earth Magic    | 1 |  1.7
Alchemy        | 1 |  1.7
Short Blades   | 3 |  3.3
Dodging        | 5 |  5.0
Hexes          | |  5.7

Action                     |  1- 3 |  4- 6 || total
---------------------------+-------+-------++-------
  Melee: Dagger            |   134 |   159 ||   293
         Bite              |     8 |     9 ||    17
         Punch             |       |     3 ||     3
  Throw: Dart              |     1 |     2 ||     3
    Use: Scroll            |     5 |     2 ||     7
         Potion            |     4 |     3 ||     7
   Stab: Sleeping          |    13 |     9 ||    22
         Invisible         |     2 |     1 ||     3
 Armour: Robe              |    59 |    21 ||    80
  Dodge: Dodged            |    74 |    56 ||   130
  Block: Other             |       |    15 ||    15
   Form: Beast             |     1 |       ||     1
